Map: Tropical Sacrifice

Players

MCanning

  • Race: Protoss Protoss
  • Spawn Location: 7:00

Vindicta - Winner!

  • Race: Terran Terran
  • Spawn Location: 1:00

Event: DreamHack SC2 Masters 2022 Atlanta (Offline)

VOD

Have the link to the VOD?

Description

Time

  • Played on: Nov. 18, 2022, 10:12 a.m.
  • Length: 11:26

All games in this series

Show
View Real Time Build Order
Export as new Build Order

MCanning Protoss 

Build Orders: 1 Gate Expand, Colossus Rush 

Get SALT Encoding   

  12  0:00  Probe  
  13  0:12  Probe  
  14  0:17  Pylon  
  14  0:24  Probe  
  15  0:36  Probe (Chrono Boost)  
  15  0:37  Gateway  
  16  0:47  Assimilator  
  16  0:48  Probe (Chrono Boost)  
  17  0:52  Probe (Chrono Boost)  
  18  1:03  Probe  
  19  1:15  Probe  
  20  1:27  Nexus, Probe  
  21  1:37  Cybernetics Core  
  21  1:40  Probe  
  21  1:45  Assimilator  
  22  1:55  Pylon  
  22  1:56  Probe  
  23  2:13  Adept (Chrono Boost), Probe  
  24  2:17  Warp Gate  
  26  2:25  Probe  
  26  2:27  Pylon  
  27  2:36  Stalker (Chrono Boost)  
  29  2:38  Probe  
  29  2:40  Probe  
  30  2:50  Probe (Chrono Boost)  
  31  2:55  Shield Battery, Probe (Chrono Boost)  
  31  2:58  Stalker (Chrono Boost)  
  32  3:02  Probe (Chrono Boost)  
  36  3:09  Probe x2 (Chrono Boost)  
  37  3:16  Probe  
  37  3:17  Probe  
  39  3:29  Probe (Chrono Boost)  
  39  3:33  Probe (Chrono Boost)  
  41  3:35  Robotics Facility  
  41  3:39  Probe (Chrono Boost)  
  43  3:43  Probe (Chrono Boost)  
  43  3:44  Probe (Chrono Boost)  
  44  3:54  Probe (Chrono Boost)  
  44  3:55  Probe (Chrono Boost)  
  44  4:07  Probe (Chrono Boost), Stalker  
  47  4:10  Probe (Chrono Boost)  
  47  4:12  Probe (Chrono Boost)  
  47  4:16  Probe  
  49  4:21  Probe  
  49  4:23  Gateway  
  50  4:25  Gateway  
  50  4:28  Observer (Chrono Boost)  
  50  4:29  Probe  
  50  4:30  Robotics Bay  
  52  4:33  Probe  
  52  4:36  Assimilator  
  53  4:40  Assimilator  
  53  4:41  Probe, Pylon  
  54  4:46  Pylon  
  54  4:47  Observer  
  54  4:52  Probe  
  54  4:55  Pylon  
  54  4:59  Sentry  
  56  5:00  Forge  
  56  5:03  Probe  
  57  5:07  Gateway  
  57  5:09  Probe  
  58  5:14  Colossus (Chrono Boost)  
  58  5:16  Extended Thermal Lance (Chrono Boost), Pylon  
  64  5:23  Sentry  
  66  5:31  Probe  
  66  5:35  Stalker x2  
  71  5:39  Shield Battery  
  71  5:41  Gateway  
  71  5:53  Probe  
  71  5:54  Shield Battery  
  71  5:56  Adept  
  74  5:57  Disruptor (Chrono Boost)  
  76  6:06  Stalker x3  
  81  6:11  Probe  
  81  6:12  Probe  
  81  6:16  Adept  
  80  6:21  Shield Battery  
  80  6:22  Protoss Ground Weapons Level 1 (Chrono Boost)  
  80  6:23  Probe  
  81  6:28  Disruptor (Chrono Boost)  
  81  6:31  Adept  
  86  6:35  Pylon  
  86  6:36  Pylon  
  85  6:47  Probe  
  76  6:58  Stalker x2  
  76  7:00  Nexus  
  80  7:01  Pylon  
  80  7:05  Pylon  
  80  7:08  Colossus (Chrono Boost)  
  86  7:20  Twilight Council, Sentry  
  88  7:23  Probe  
  88  7:25  Shield Battery  
  89  7:31  Gateway  
  89  7:37  Gateway, Probe  
  89  7:42  Photon Cannon  
  89  7:43  Zealot  
  92  7:45  Sentry  
  94  7:53  Colossus  
  94  7:57  Charge (Chrono Boost)  
  100  7:59  Probe x2  
  100  8:04  Stalker  
  104  8:07  Zealot  
  104  8:11  Probe (Chrono Boost)  
  104  8:12  Zealot  
  105  8:13  Probe (Chrono Boost)  
  105  8:20  Probe (Chrono Boost)  
  105  8:23  Probe (Chrono Boost)  
  105  8:24  Photon Cannon  
  107  8:27  Protoss Ground Armor Level 1 (Chrono Boost)  
  107  8:28  Probe (Chrono Boost)  
  107  8:30  Probe (Chrono Boost)  
  107  8:31  Dark Shrine  
  109  8:35  Probe (Chrono Boost)  
  109  8:40  Probe (Chrono Boost)  
  111  8:42  Probe (Chrono Boost), Forge  
  111  8:47  Probe x2 (Chrono Boost)  
  111  8:49  Probe (Chrono Boost)  
  112  8:56  Probe x2  
  112  8:57  Stalker x2  
  112  8:58  Observer  
  112  9:00  Assimilator  
  118  9:05  Probe  
  118  9:08  Assimilator  
  119  9:12  Pylon  
  119  9:14  Probe  
  119  9:15  Disruptor (Chrono Boost)  
  123  9:22  Probe  
  124  9:26  Nexus  
  122  9:31  Zealot x4  
  130  9:39  Stalker  
  130  9:45  Robotics Facility  
  130  9:47  Disruptor (Chrono Boost)  
  130  9:52  Zealot  
  132  9:58  Pylon  
  132  9:59  Probe, Pylon  
  133  10:05  Pylon x2  
  133  10:07  Pylon  
  133  10:12  Zealot x3  
  133  10:20  Disruptor (Chrono Boost)  
  103  10:23  Zealot x2  
  107  10:33  Zealot x3  
  107  10:35  Disruptor (Chrono Boost)  
  116  10:40  Pylon  
  110  10:45  Stalker x2  
  112  10:54  Zealot x2  
  112  11:03  Zealot  
  112  11:10  Zealot x2  
  112  11:13  Shield Battery  
Show
View Real Time Build Order
Export as new Build Order

Vindicta Terran - Winner!

Build Orders:  

Get SALT Encoding   

  12  0:00  SCV  
  13  0:12  SCV  
  14  0:21  Supply Depot  
  14  0:24  SCV  
  15  0:43  SCV  
  15  0:44  Barracks  
  15  0:45  Refinery  
  16  0:55  SCV  
  16  0:56  Refinery  
  17  1:07  SCV  
  18  1:19  SCV  
  19  1:31  Orbital Command  
  19  1:32  Reaper  
  20  1:36  Supply Depot  
  20  1:50  Factory  
  20  1:57  SCV  
  21  2:04  Bunker  
  21  2:07  Reaper  
  22  2:10  SCV  
  23  2:23  SCV  
  24  2:34  Hellion  
  24  2:35  SCV  
  27  2:41  Barracks Reactor  
  27  2:47  SCV  
  28  2:55  Command Center  
  28  2:59  SCV  
  28  3:03  Supply Depot, Factory Tech Lab  
  30  3:18  Marine  
  31  3:21  Starport  
  31  3:22  Marine  
  31  3:25  Cyclone  
  34  3:27  SCV  
  33  3:36  Marine  
  33  3:39  SCV  
  33  3:40  Marine  
  36  3:51  SCV  
  36  3:55  Marine  
  37  4:02  Starport Tech Lab  
  38  4:03  SCV  
  38  4:05  Marine  
  38  4:07  Siege Tank  
  42  4:10  Orbital Command  
  42  4:13  Marine  
  42  4:15  SCV  
  44  4:22  Banshee  
  44  4:23  Cloaking Field, Marine  
  46  4:28  SCV  
  46  4:29  Orbital Command  
  46  4:31  Marine  
  48  4:40  SCV  
  48  4:41  Marine  
  48  4:44  Siege Tank  
  53  4:49  Marine  
  54  4:54  Supply Depot  
  54  4:58  SCV  
  54  4:59  Marine  
  56  5:06  Marine  
  56  5:07  Supply Depot, Banshee  
  57  5:11  SCV  
  57  5:13  SCV  
  62  5:16  Marine  
  63  5:23  SCV  
  63  5:24  Marine  
  63  5:25  Bunker  
  63  5:26  SCV  
  66  5:35  SCV, Siege Tank  
  70  5:38  SCV  
  71  5:45  Marine x2  
  71  5:47  SCV  
  71  5:53  SCV  
  71  5:59  SCV  
  71  6:03  Marine  
  73  6:05  SCV  
  73  6:07  Raven  
  71  6:12  SCV  
  73  6:19  Command Center  
  73  6:24  SCV  
  73  6:25  Supply Depot x2  
  73  6:35  Barracks, Siege Tank  
  73  6:36  SCV, Barracks  
  77  6:46  Marine  
  69  6:47  Marine  
  69  6:48  SCV  
  69  6:50  Refinery  
  69  6:51  Refinery  
  68  6:54  Engineering Bay  
  68  6:55  Engineering Bay  
  68  6:57  SCV  
  68  7:00  Supply Depot  
  69  7:02  SCV  
  69  7:05  Marine  
  69  7:06  Starport Reactor, Marine  
  72  7:09  SCV  
  72  7:12  Siege Tank  
  72  7:14  SCV  
  77  7:21  SCV, Terran Infantry Armor Level 1, Terran Infantry Weapons Level 1  
  78  7:30  Barracks Tech Lab  
  78  7:31  Marine  
  78  7:32  Orbital Command  
  78  7:33  Stimpack  
  78  7:36  SCV x2  
  81  7:37  Marine  
  81  7:40  Marauder  
  81  7:42  Missile Turret  
  84  7:48  SCV x2  
  84  7:50  Combat Shield  
  86  7:52  Marine  
  89  7:58  Marauder  
  89  8:02  Medivac  
  89  8:05  Barracks  
  91  8:06  Medivac  
  91  8:07  Barracks  
  91  8:08  SCV  
  91  8:09  Marauder  
  91  8:10  Orbital Command  
  96  8:17  Marine  
  96  8:18  Marine  
  96  8:19  Marauder  
  100  8:20  SCV  
  100  8:22  SCV  
  102  8:29  Missile Turret  
  102  8:30  Marauder  
  102  8:32  Siege Tank  
  107  8:35  SCV  
  107  8:40  SCV x2  
  110  8:43  Supply Depot  
  110  8:45  Marine  
  110  8:46  Supply Depot, Marauder  
  110  8:47  SCV  
  114  8:52  Refinery, SCV  
  114  8:53  Refinery, Marauder  
  114  8:54  Barracks Reactor  
  117  8:55  Barracks Tech Lab  
  117  9:02  Supply Depot  
  117  9:05  SCV x2, Sensor Tower  
  117  9:07  Marauder  
  121  9:10  SCV  
  121  9:11  Supply Depot  
  121  9:13  Concussive Shells  
  121  9:15  Siege Tank  
  121  9:16  Marauder  
  128  9:17  SCV  
  128  9:18  Medivac  
  128  9:23  Marauder, Marine x2  
  134  9:28  Supply Depot  
  134  9:29  Marauder  
  136  9:33  Medivac, Marine  
  136  9:34  Marine  
  136  9:37  Marine  
  141  9:41  Marine x2  
  141  9:45  Marauder  
  145  9:50  Marauder  
  145  9:51  Marine  
  145  9:52  Marine  
  145  9:55  SCV, Siege Tank, Marauder  
  145  9:56  Command Center  
  148  10:01  Marine x2  
  148  10:06  Marauder  
  148  10:08  SCV  
  148  10:09  SCV  
  148  10:11  Marauder  
  147  10:17  Marauder, Marine  
  147  10:21  Marine  
  140  10:23  Armory  
  140  10:24  Engineering Bay  
  140  10:28  Marauder  
  142  10:30  Siege Tank  
  142  10:31  SCV  
  142  10:33  Marauder  
  142  10:35  Marine  
  149  10:38  Marauder  
  149  10:41  SCV  
  150  10:43  Marine  
  150  10:44  Marine  
  150  10:45  SCV  
  155  10:51  SCV  
  155  10:53  SCV  
  155  10:55  Marine  
  154  10:57  SCV  
  154  10:58  Supply Depot  
  154  11:03  SCV  
  152  11:13  SCV x2  
Tags
 
Add a new tag
Caveats
  • Supply blocks, unpowered buildings, or Contaminate may cause inaccurate times.
  • Supply counts are checked every 10 seconds.